 Dungeon Crawl Stone Soup version 0.18-a0-1643-gb89d9db (webtiles) character file.

123 namename2 the Ruffian (level 5, 0/41 HPs)
             Began as a Ghoul Gladiator on Mar 28, 2016.
             Slain by an orc
             ... wielding a +0 hand axe
              (8 damage)
             ... on level 3 of the Dungeon.
             The game lasted 00:04:38 (1001 turns).

namename2 the Ruffian (Ghoul Gladiator)             Turns: 1001, Time: 00:04:39

Health: 0/41       AC:  6    Str: 19    XL:     5   Next: 7%
Magic:  4/4        EV: 11    Int:  3    God:
Gold:   67         SH:  0    Dex: 10    Spells: 0 memorised, 4 levels left

rFire  . . .     SeeInvis .       - Unarmed
rCold  + . .     Gourm    .     f - +0 ring mail
rNeg   + + +     Faith    .     (no shield)
rPois  ∞         Spirit   .     b - +0 helmet
rElec  .         Dismiss  .     (no cloak)
rCorr  .         Reflect  .     (no gloves)
SustAt .         Harm     .     (no boots)
MR     .....                    (no amulet)
Stlth  ..........               (no ring)
                                (no ring)

@: rotting, not resistant to hostile enchantments, extremely unstealthy
A: rotting body, claws 1, carnivore 3, cold resistance 1, negative energy
resistance 3, slow regeneration 1, torment resistance, unbreathing
a: no special abilities


You were on level 3 of the Dungeon.
You were not hungry.

You visited 1 branch of the dungeon, and saw 3 of its levels.

You collected 67 gold pieces.

Inventory:

Armour
 b - a +0 helmet (worn)
 f - a +0 ring mail (worn)
Scrolls
 a - a scroll of blinking {unknown}
 h - a scroll of identify {unknown}
 k - a scroll of immolation {unknown}
 n - a scroll of teleportation {unknown}
 o - a scroll of noise {unknown}
Potions
 e - a potion of flight {unknown}
 j - a potion of mutation {unknown}
 m - 2 potions of agility {unknown}
 p - a potion of heal wounds {unknown}
 q - a potion of cure mutation {unknown}
Comestibles
 d - a meat ration
 i - a slice of pizza
 l - a beef jerky


   Skills:
 - Level 2.1 Fighting
 - Level 1.7 Throwing
 - Level 2.6 Dodging
 + Level 6.1 Unarmed Combat


You had 4 spell levels left.
You didn't know any spells.

Dungeon Overview and Level Annotations

Branches:
Dungeon (3/15)

Altars:


Innate Abilities, Weirdness & Mutations

Your body is rotting away.
You thrive on raw meat.
You are immune to poison.
You have sharp fingernails.
You are carnivorous and can eat meat at any time.
Your flesh is cold resistant.
You are immune to negative energy.
You regenerate slowly when monsters are visible.
You are immune to unholy pain and torment.
You can survive without breathing.


Message History

The orc priest hits you with a trident.
The orc struggles against the net.
The net rips apart, and the orc comes free!
The goblin hits you but does no damage.
You closely miss the orc priest.
The orc priest is heavily wounded.
The orc priest mumbles some strange prayers to Beogh against you.
Beogh smites you! The goblin hits you with a dagger.
* * * LOW HITPOINT WARNING * * *
You closely miss the orc priest.
The orc priest is heavily wounded.
The orc priest hits you with a trident.
* * * LOW HITPOINT WARNING * * *
You completely miss the orc priest.
The orc priest is heavily wounded.
The goblin hits you but does no damage. The orc hits you but does no damage.
You scratch the orc priest.
The orc priest is almost dead.
The orc priest hits you but does no damage.
The goblin hits you but does no damage. The orc hits you with a hand axe!
You die...

########
#(.....#
#......#
##......#
#.....<.#
#.......#
#...g...#
#...@<..#
#..oo...#
#.........#
#.#....(..#
# #.##.####
#. #.. #
... .8.


You could see an orc priest, an orc and a goblin.

Vanquished Creatures
  An orc priest (D:3)
  Jessica (D:2)
  A gnoll (D:1)
  An adder (D:2)
  A worm (D:2)
  5 giant geckos
  6 bats
  A giant cockroach (D:1)
  7 jackals (D:1)
  A giant newt (D:1)
  5 goblins
  9 kobolds
  5 rats
44 creatures vanquished.

Notes
Turn   | Place    | Note
--------------------------------------------------------------
     0 | D:1      | namename2 the Ghoul Gladiator began the quest for the Orb.
     0 | D:1      | Reached XP level 1. HP: 17/17 MP: 0/0
    82 | D:1      | Reached XP level 2. HP: 22/24 MP: 1/1
    87 | D:1      | Reached skill level 4 in Unarmed Combat
   221 | D:1      | Reached XP level 3. HP: 29/29 MP: 2/2
   597 | D:2      | Reached skill level 5 in Unarmed Combat
   664 | D:2      | Reached XP level 4. HP: 31/36 MP: 3/3
   869 | D:2      | Noticed Jessica
   890 | D:2      | Killed Jessica
   995 | D:3      | Reached skill level 6 in Unarmed Combat
   995 | D:3      | Reached XP level 5. HP: 28/41 MP: 4/4
  1001 | D:3      | Slain by an orc

Vault maps used:
D:1:      dpeg_arrival_more_subterranean_lakeside_camping
D:2:      first_bread, uniq_jessica
D:3:      ecumenical_altar_2, lightli_sewer_entry_pipes, minmay_misc_feat_x

Skill      XL: |  1  2  3  4 |
---------------+-------------+-----
Unarmed Combat | 4 5 6 |  6.1
Fighting       | |  2.1
Throwing       | |  1.7
Dodging        | |  2.6

Action                   |  1- 3 |  4- 6 || total
-------------------------+-------+-------++-------
Melee: Unarmed           |   107 |    43 ||   150
Throw: Throwing net      |     2 |     3 ||     5
 Stab: Held in net/web   |       |     1 ||     1
  Eat: Chunk             |     4 |     6 ||    10
